 Dungeon Crawl Stone Soup version 0.23.2-1-ga50397a (webtiles) character file.

Game seed: 10553364659586880315

63 Kahibar the Conjurer (level 3, -1/19 HPs)
             Began as a Deep Elf Conjurer on May 17, 2019.
             Slain by an orc wizard
             ... wielding a +0 dagger
              (4 damage)
             ... on level 2 of the Dungeon.
             The game lasted 00:15:33 (2634 turns).

Kahibar the Conjurer (Deep Elf Conjurer)            Turns: 2634, Time: 00:15:50

Health: -1/19      AC:  2    Str:  6    XL:     3   Next: 89%
Magic:  7/10       EV: 13    Int: 19    God:
Gold:   161        SH:  0    Dex: 15    Spells: 8/9 levels left

rFire    . . .     SeeInvis .   f - +0 quarterstaff
rCold    . . .     Gourm    .   (shield currently unavailable)
rNeg     . . .     Faith    .   a - +0 robe
rPois    .         Spirit   .   (no helmet)
rElec    .         Reflect  .   (no cloak)
rCorr    .         Harm     .   (no gloves)
MR       .....                  (no boots)
Stlth    ++........             (no amulet)
HPRegen  0.06/turn              (no ring)
MPRegen  0.12/turn              (no ring)

@: very slightly contaminated, invisible
A: no striking features
a: no special abilities


You were on level 2 of the Dungeon.
You were not hungry.

You visited 1 branch of the dungeon, and saw 3 of its levels.

You collected 161 gold pieces.

Inventory:

Hand Weapons
 f - a +0 quarterstaff (weapon)
 i - a +0 dagger
 k - a +0 short sword
Missiles
 j - 31 bolts
 n - 6 exploding tomahawks (quivered)
Armour
 a - a +0 robe (worn)
Jewellery
 p - an uncursed ring of protection from fire {unknown}
Scrolls
 d - 3 scrolls of identify {unknown}
 g - a scroll of teleportation {unknown}
 h - a scroll of fear {unknown}
 l - 5 scrolls of remove curse {unknown}
Potions
 e - a potion of curing
 o - a potion of flight {unknown}
Comestibles
 c - 3 rations


   Skills:
 + Level 2.9 Dodging
 + Level 2.6 Stealth
 + Level 3.9 Spellcasting
 + Level 5.4 Conjurations


You had 8 spell levels left.
You knew the following spells:

 Your Spells              Type           Power        Failure   Level  Hunger
a - Magic Dart            Conj           ###.         1%          1    None

Your spell library contained the following spells:

 Spells                   Type           Power        Failure   Level  Hunger
 Searing Ray              Conj           ###...       2%          2    ##.....
 Dazzling Spray           Conj/Hex       ##....       14%         3    ###....
 Iskenderun's Mystic Bla  Conj           ###.....     14%         4    ####...
 Force Lance              Conj/Tloc      ##......     41%         4    ####...
 Fulminant Prism          Conj/Hex       ##........   41%         4    ####...


Dungeon Overview and Level Annotations

Branches:
Dungeon (3/15)

Altars:
Wu Jian


Message History

You can't see any susceptible monsters within range! (Use Z to cast anyway.) Unknown command.
Casting: Magic Dart (safe; 1% risk of failure)
Confirm with . or Enter, or press ? or * to list all spells.
You can't see any susceptible monsters within range! (Use Z to cast anyway.) Unknown command.
Casting: Magic Dart (safe; 1% risk of failure)
Confirm with . or Enter, or press ? or * to list all spells.
You can't see any susceptible monsters within range! (Use Z to cast anyway.) Unknown command.
Okay, then.
It was a potion of curing.
You feel better. Something hits you.
It was a potion of invisibility.
You fade into invisibility!
You hear some strange, mumbled words.
A puff of flame appears from out of thin air!
The puff of flame hits you!
* * * LOW HITPOINT WARNING * * *
Something hits you.
You die...

#..#########.## #.##
#..######## #<# ##........##
..# ########..# .##
##.####### .# #...>...# >#
####.......#
.#################..........#
..............[{@..##.......#
##..........#################
##..........# ##....>.....#
#..........# ###
##.....###### ##)# ...#####
###..# .### ###....# .######
##.....##


There were no monsters in sight!

Vanquished Creatures
  2 adders (D:2)
  3 worms (D:2)
  4 dart slugs
  An orc (D:2)
  A giant cockroach (D:1)
  3 goblins (D:1)
  2 hobgoblins (D:1)
  2 bats
  2 frilled lizards (D:1)
  4 kobolds (D:1)
  8 rats
32 creatures vanquished.

Vanquished Creatures (others)
  4 toadstools (D:1)
4 creatures vanquished.

Grand Total: 36 creatures vanquished

Notes
Turn   | Place    | Note
-------+----------+-------------------------------------------
     0 | D:1      | Kahibar the Deep Elf Conjurer began the quest for the Orb.
     0 | D:1      | Reached XP level 1. HP: 10/10 MP: 6/6
   341 | D:1      | Reached XP level 2. HP: 15/15 MP: 2/8
   826 | D:1      | Reached skill level 5 in Conjurations
  1608 | D:2      | Reached XP level 3. HP: 2/19 MP: 1/9
  2163 | D:2      | Found an ornate altar of the Wu Jian Council.
  2634 | D:2      | Slain by an orc wizard

Skill      XL: |  1  2 |
---------------+-------+-----
Conjurations   | 5 |  5.4
Dodging        | |  2.9
Stealth        | |  2.6
Spellcasting   | |  3.9

Action                   || total
-------------------------++-------
Melee: Unarmed           ||    10
       Quarterstaff      ||    16
       Dagger            ||     1
 Cast: Magic Dart        ||    78
  Use: Potion            ||     2
  Eat: Chunk             ||     2
       Ration            ||     1
Armor: Robe              ||     4
Dodge: Dodged            ||    37
